| TOP OF THE 1ST |
|
Montreal Expos batting - Pitching for Chicago Cubs : RHP Bert Blyleven
|
|
Pitching: RHP Bert Blyleven
|
|
|
Batting: LHB Duane Walker
|
0-0: Called Strike 0-1: Called Strike 0-2: Ball 1-2: Strikes out swinging wild pitch, reaches first!
|
|
Batting: SHB Garry Templeton
|
0-0: Called Strike Duane Walker steals 2nd base 0-1: SINGLE (Line Drive, 9LS, EV 100.6 MPH) Duane Walker to third Runner from 3rd tries for Home, SAFE, throw by RF to home
|
|
Batting: LHB Kirk Gibson
|
0-0: TRIPLE (Flyball, 78XD, EV 105.6 MPH) Garry Templeton scores
|
|
Batting: RHB Dale Murphy
|
0-0: Ball 1-0: Called Strike 1-1: Ball 2-1: Foul Ball, location: 2F 2-2: Fly out, F4 (Line Drive, 4, EV 73.1 MPH)
|
|
Batting: RHB Dave Winfield
|
0-0: Ball 1-0: Ball 2-0: Ball 3-0: Called Strike 3-1: Base on Balls
|
|
Batting: LHB Timnothy Meyer
|
0-0: Ball 1-0: Fly out, F5 (Line Drive, 5, EV 75.6 MPH)
|
|
Batting: LHB Ernesto Quevedo
|
0-0: Swinging Strike 0-1: Called Strike 0-2: Ball 1-2: Ball 2-2: Foul Ball, location: 2F 2-2: Ball 3-2: Base on Balls Dave Winfield to second
|
|
Batting: LHB Orlando Sanchez
|
0-0: Ball 1-0: Foul Ball, location: 2F 1-1: Fly out, F9 (Line Drive, 89M, EV 104.4 MPH)
|
| Top of the 1st over - 2 runs, 2 hits, 0 errors, 3 left on base; Montreal 2 - Chicago 0 |
| BOTTOM OF THE 1ST |
|
Chicago Cubs batting - Pitching for Montreal Expos : LHP Frank Riccelli
|
|
Pitching: LHP Frank Riccelli
|
|
|
Batting: RHB Gary Ward
|
0-0: Ball 1-0: Foul Ball, location: 2F 1-1: Ball 2-1: Ground out 6-3 (Groundball, 6, EV 110.6 MPH)
|
|
Batting: LHB Johnny Grubb
|
0-0: Ball 1-0: Ground out 4-3 (Groundball, 4, EV 78.8 MPH)
|
|
Batting: RHB Lonnie Smith
|
0-0: Ball 1-0: Ball 2-0: Ball 3-0: Base on Balls
|
|
Batting: RHB Jim Rice
|
0-0: Called Strike 0-1: SINGLE (Line Drive, 4D, EV 101.3 MPH) Lonnie Smith to second
|
|
Batting: SHB Roy Smalley
|
0-0: Ball Wild Pitch! Lonnie Smith to third Jim Rice to second 1-0: Ball 2-0: Called Strike 2-1: Swinging Strike 2-2: Ball 3-2: Base on Balls
|
|
Batting: RHB Randy Ready
|
0-0: Swinging Strike 0-1: Called Strike 0-2: Ball 1-2: Foul Ball, location: 2F 1-2: Strikes out looking
|
| Bottom of the 1st over - 0 runs, 1 hit, 0 errors, 3 left on base; Montreal 2 - Chicago 0 |
| TOP OF THE 2ND |
|
Montreal Expos batting - Pitching for Chicago Cubs : RHP Bert Blyleven
|
|
Batting: LHB Frank Riccelli
|
0-0: Ball 1-0: Swinging Strike 1-1: Swinging Strike 1-2: Ball 2-2: Ball 3-2: Strikes out swinging
|
|
Batting: LHB Duane Walker
|
0-0: Called Strike 0-1: Foul Ball, location: 2F 0-2: Strikes out looking
|
|
Batting: SHB Garry Templeton
|
0-0: Called Strike 0-1: Called Strike 0-2: Foul Ball, location: 2F 0-2: Ball 1-2: Strikes out looking
|
| Top of the 2nd over - 0 runs, 0 hits, 0 errors, 0 left on base; Montreal 2 - Chicago 0 |
| BOTTOM OF THE 2ND |
|
Chicago Cubs batting - Pitching for Montreal Expos : LHP Frank Riccelli
|
|
Batting: RHB Willie Randolph
|
0-0: Bunted foul 0-1: Foul Ball, location: 2F 0-2: Foul Ball, location: 2F 0-2: Ball 1-2: Fly out, F8 (Flyball, 89D, EV 98.1 MPH)
|
|
Batting: RHB Bob Brenly
|
0-0: Called Strike 0-1: Fly out, F9 (Flyball, 9LD, EV 97.5 MPH)
|
|
Batting: RHB Bert Blyleven
|
0-0: Ball 1-0: Foul Ball, location: 2F 1-1: Foul Ball, location: 2F 1-2: Strikes out swinging
|
| Bottom of the 2nd over - 0 runs, 0 hits, 0 errors, 0 left on base; Montreal 2 - Chicago 0 |
| TOP OF THE 3RD |
|
Montreal Expos batting - Pitching for Chicago Cubs : RHP Bert Blyleven
|
|
Batting: LHB Kirk Gibson
|
0-0: Foul Ball, location: 2F 0-1: Foul Ball, location: 2F 0-2: Fly out, F9 (Line Drive, 9D, EV 95.0 MPH)
|
|
Batting: RHB Dale Murphy
|
0-0: Foul Ball, location: 2F 0-1: Ball 1-1: Ball 2-1: Foul Ball, location: 2F 2-2: Ball 3-2: Foul Ball, location: 2F 3-2: Ground out 3-1 (Groundball, 34, EV 85.0 MPH)
|
|
Batting: RHB Dave Winfield
|
0-0: Called Strike 0-1: Fly out, F4 (Popup, 34S, EV 69.4 MPH)
|
| Top of the 3rd over - 0 runs, 0 hits, 0 errors, 0 left on base; Montreal 2 - Chicago 0 |
| BOTTOM OF THE 3RD |
|
Chicago Cubs batting - Pitching for Montreal Expos : LHP Frank Riccelli
|
|
Batting: RHB Gary Ward
|
0-0: Bunt missed! 0-1: Ball 1-1: Fly out, F8 (Flyball, 8LM, EV 92.5 MPH)
|
|
Batting: LHB Johnny Grubb
|
0-0: Ball 1-0: Ground out 6-3 (Groundball, 6, EV 98.1 MPH)
|
|
Batting: RHB Lonnie Smith
|
0-0: Foul Ball, location: 2F 0-1: Ball 1-1: Ball 2-1: Ball 3-1: Called Strike 3-2: Fly out, F9 (Flyball, 9LD, EV 97.5 MPH)
|
| Bottom of the 3rd over - 0 runs, 0 hits, 0 errors, 0 left on base; Montreal 2 - Chicago 0 |
| TOP OF THE 4TH |
|
Montreal Expos batting - Pitching for Chicago Cubs : RHP Bert Blyleven
|
|
Batting: LHB Timnothy Meyer
|
0-0: Ball 1-0: Foul Ball, location: 2F 1-1: Ground out 4-3 (Groundball, 4, EV 83.8 MPH)
|
|
Batting: LHB Ernesto Quevedo
|
0-0: Ball 1-0: Foul Ball, location: 2F 1-1: Ground out 4-3 (Groundball, 34D, EV 108.1 MPH)
|
|
Batting: LHB Orlando Sanchez
|
0-0: Foul Ball, location: 2F 0-1: Foul Ball, location: 2F 0-2: SINGLE (Groundball, 4MD, EV 100.6 MPH)
|
|
Batting: LHB Frank Riccelli
|
0-0: Fly out, F8 (Flyball, 8RD, EV 100.0 MPH)
|
| Top of the 4th over - 0 runs, 1 hit, 0 errors, 1 left on base; Montreal 2 - Chicago 0 |
| BOTTOM OF THE 4TH |
|
Chicago Cubs batting - Pitching for Montreal Expos : LHP Frank Riccelli
|
|
Batting: RHB Jim Rice
|
0-0: Ball 1-0: Foul Ball, location: 2F 1-1: Ground out 4-3 (Groundball, 4, EV 105.0 MPH)
|
|
Batting: SHB Roy Smalley
|
0-0: Ball 1-0: Swinging Strike 1-1: Ball 2-1: Ball 3-1: Base on Balls
|
|
Batting: RHB Randy Ready
|
0-0: Called Strike 0-1: Ball 1-1: Grounds into double play, 4-6-3 (Groundball, 34, EV 110.0 MPH)
|
| Bottom of the 4th over - 0 runs, 0 hits, 0 errors, 0 left on base; Montreal 2 - Chicago 0 |
| TOP OF THE 5TH |
|
Montreal Expos batting - Pitching for Chicago Cubs : RHP Bert Blyleven
|
|
Batting: LHB Duane Walker
|
0-0: Ball 1-0: Ball 2-0: Foul Ball, location: 2F 2-1: Ball 3-1: Fly out, F8 (Flyball, 8RM, EV 86.9 MPH)
|
|
Batting: SHB Garry Templeton
|
0-0: Ball 1-0: Foul Ball, location: 2F 1-1: Foul Ball, location: 2F 1-2: Strikes out looking
|
|
Batting: LHB Kirk Gibson
|
0-0: Fly out, F7 (Flyball, 7LD, EV 96.3 MPH)
|
| Top of the 5th over - 0 runs, 0 hits, 0 errors, 0 left on base; Montreal 2 - Chicago 0 |
| BOTTOM OF THE 5TH |
|
Chicago Cubs batting - Pitching for Montreal Expos : LHP Frank Riccelli
|
|
Batting: RHB Willie Randolph
|
0-0: Ball 1-0: Swinging Strike 1-1: Swinging Strike 1-2: Ground out 3-1 (Groundball, 34, EV 101.9 MPH)
|
|
Batting: RHB Bob Brenly
|
0-0: Ball 1-0: Called Strike 1-1: Ground out 6-3 (Groundball, 6, EV 82.5 MPH)
|
|
Batting: RHB Bert Blyleven
|
0-0: Foul Ball, location: 2F 0-1: Foul Ball, location: 2F 0-2: Strikes out swinging
|
| Bottom of the 5th over - 0 runs, 0 hits, 0 errors, 0 left on base; Montreal 2 - Chicago 0 |
| TOP OF THE 6TH |
|
Montreal Expos batting - Pitching for Chicago Cubs : RHP Bert Blyleven
|
|
Batting: RHB Dale Murphy
|
0-0: Ball 1-0: Called Strike 1-1: Ball 2-1: Ball 3-1: Base on Balls
|
|
Batting: RHB Dave Winfield
|
0-0: Foul Ball, location: 2F 0-1: Ball 1-1: Ball 2-1: Fly out, F9 (Flyball, 89XD, EV 90.6 MPH)
|
|
Batting: LHB Timnothy Meyer
|
0-0: Ball 1-0: SINGLE (Line Drive, 89S, EV 103.8 MPH) Dale Murphy to second
|
|
Batting: LHB Ernesto Quevedo
|
0-0: SINGLE (Groundball, 6S, EV 68.8 MPH) (infield hit) Dale Murphy to third Timnothy Meyer to second
|
|
Batting: LHB Orlando Sanchez
|
0-0: Ball 1-0: Ball Wild Pitch! Dale Murphy scores Timnothy Meyer to third Ernesto Quevedo to second 2-0: Intentional Walk
|
|
Batting: LHB Frank Riccelli
|
0-0: Called Strike 0-1: Grounds into double play, 4-2-3 (Groundball, 34S, EV 89.4 MPH)
|
| Top of the 6th over - 1 run, 2 hits, 0 errors, 2 left on base; Montreal 3 - Chicago 0 |
| BOTTOM OF THE 6TH |
|
Chicago Cubs batting - Pitching for Montreal Expos : LHP Frank Riccelli
|
|
Batting: RHB Gary Ward
|
0-0: Ball 1-0: Swinging Strike 1-1: Swinging Strike 1-2: Ball 2-2: Strikes out swinging
|
|
Batting: LHB Johnny Grubb
|
0-0: Ball 1-0: Swinging Strike 1-1: Ball 2-1: SINGLE (Line Drive, 56D, EV 99.4 MPH)
|
|
Batting: RHB Lonnie Smith
|
0-0: Called Strike 0-1: Called Strike 0-2: DOUBLE (Line Drive, 78M, EV 92.5 MPH) Johnny Grubb to third Runner from 3rd tries for Home, SAFE, no throw by LF
|
|
Batting: RHB Jim Rice
|
0-0: Ball 1-0: Swinging Strike 1-1: Fly out, F9 (Flyball, 9, EV 89.4 MPH)
|
|
Batting: SHB Roy Smalley
|
0-0: Ball 1-0: Called Strike 1-1: Ball 2-1: Swinging Strike 2-2: Foul Ball, location: 2F 2-2: Strikes out looking
|
| Bottom of the 6th over - 1 run, 2 hits, 0 errors, 1 left on base; Montreal 3 - Chicago 1 |
| TOP OF THE 7TH |
|
Montreal Expos batting - Pitching for Chicago Cubs : RHP Bert Blyleven
|
|
Batting: LHB Duane Walker
|
0-0: Ball 1-0: Swinging Strike 1-1: Foul Ball, location: 2F 1-2: Foul Ball, location: 2F 1-2: Ball 2-2: Ball 3-2: Strikes out swinging
|
|
Batting: SHB Garry Templeton
|
0-0: Foul Ball, location: 2F 0-1: SINGLE (Line Drive, 8RS, EV 95.0 MPH)
|
|
Batting: LHB Kirk Gibson
|
0-0: Fly out, F6 (Line Drive, 6, EV 74.4 MPH)
|
|
Batting: RHB Dale Murphy
|
0-0: Called Strike 0-1: Ball 1-1: Ball 2-1: Fly out, F8 (Flyball, 8LD, EV 91.9 MPH)
|
| Top of the 7th over - 0 runs, 1 hit, 0 errors, 1 left on base; Montreal 3 - Chicago 1 |
| BOTTOM OF THE 7TH |
|
Chicago Cubs batting - Pitching for Montreal Expos : LHP Frank Riccelli
|
|
Batting: RHB Randy Ready
|
0-0: Foul Ball, location: 2F 0-1: Ball 1-1: Fly out, F2 (Popup, 25F, EV 79.4 MPH)
|
|
Batting: RHB Willie Randolph
|
0-0: Swinging Strike 0-1: Called Strike 0-2: Ball 1-2: Foul Ball, location: 2F 1-2: Strikes out swinging
|
|
Batting: RHB Bob Brenly
|
0-0: Ball 1-0: Ball 2-0: Fly out, F8 (Flyball, 78D, EV 109.4 MPH)
|
| Bottom of the 7th over - 0 runs, 0 hits, 0 errors, 0 left on base; Montreal 3 - Chicago 1 |
| TOP OF THE 8TH |
|
Montreal Expos batting - Pitching for Chicago Cubs : RHP Bert Blyleven
|
|
Batting: RHB Dave Winfield
|
0-0: Ball 1-0: Called Strike 1-1: Ground out 4-3 (Groundball, 4M, EV 82.5 MPH)
|
|
Batting: LHB Timnothy Meyer
|
0-0: Ball 1-0: Foul Ball, location: 2F 1-1: Foul Ball, location: 2F 1-2: Ball 2-2: Foul Ball, location: 2F 2-2: Foul Ball, location: 2F 2-2: Ball 3-2: Base on Balls
|
|
Batting: LHB Ernesto Quevedo
|
0-0: Ball 1-0: Called Strike 1-1: Called Strike 1-2: Ball 2-2: SINGLE (Groundball, 34D, EV 99.4 MPH) Timnothy Meyer to second Runner from 2nd tries for 3rd, SAFE, throw by RF made to third
|
|
Batting: LHB Orlando Sanchez
|
0-0: Ball 1-0: Ball 2-0: Ball 3-0: Called Strike 3-1: Foul Ball, location: 2F 3-2: SINGLE (Groundball, 6M, EV 85.6 MPH) (infield hit) Timnothy Meyer scores Ernesto Quevedo to second
|
|
Batting: LHB Frank Riccelli
|
0-0: Sac Bunt to 15 - play at first, batter OUT! 1-4 Ernesto Quevedo to third Orlando Sanchez to second
|
|
Batting: LHB Duane Walker
|
0-0: Intentional Walk
|
|
Batting: SHB Garry Templeton
|
0-0: Ball 1-0: Ground out 1-3 (Groundball, 15S, EV 68.1 MPH)
|
| Top of the 8th over - 1 run, 2 hits, 0 errors, 3 left on base; Montreal 4 - Chicago 1 |
| BOTTOM OF THE 8TH |
|
Chicago Cubs batting - Pitching for Montreal Expos : LHP Frank Riccelli
|
|
Pinch Hitting: LHB Dave Bergman
|
0-0: Ball 1-0: Called Strike 1-1: Ground out 5-3 (Groundball, 5, EV 105.0 MPH)
|
|
Batting: RHB Gary Ward
|
0-0: Called Strike 0-1: Swinging Strike 0-2: Ball 1-2: SINGLE (Flyball, 4D, EV 95.0 MPH)
|
|
Batting: LHB Johnny Grubb
|
0-0: Ball 1-0: Grounds into double play, 4-6-3 (Groundball, 4, EV 97.5 MPH)
|
| Bottom of the 8th over - 0 runs, 1 hit, 0 errors, 0 left on base; Montreal 4 - Chicago 1 |
| TOP OF THE 9TH |
|
Montreal Expos batting - Pitching for Chicago Cubs : RHP Bert Blyleven
|
|
Pitching: RHP Paul Hartzell
|
|
|
Batting: LHB Kirk Gibson
|
0-0: Ball 1-0: Called Strike 1-1: DOUBLE (Line Drive, 8RXD, EV 101.9 MPH)
|
|
Batting: RHB Dale Murphy
|
0-0: Fly out, F8 (Flyball, 8LD, EV 100.6 MPH)
|
|
Batting: RHB Dave Winfield
|
0-0: Ball 1-0: Called Strike 1-1: Called Strike Kirk Gibson steals 3rd base 1-2: Ground out 5-3 (Groundball, 56, EV 83.1 MPH) Kirk Gibson scores
|
|
Batting: LHB Timnothy Meyer
|
0-0: Called Strike 0-1: Foul Ball, location: 2F 0-2: Ball 1-2: Ball 2-2: Fly out, F8 (Flyball, 8LD, EV 101.9 MPH)
|
| Top of the 9th over - 1 run, 1 hit, 0 errors, 0 left on base; Montreal 5 - Chicago 1 |
| BOTTOM OF THE 9TH |
|
Chicago Cubs batting - Pitching for Montreal Expos : LHP Frank Riccelli
|
|
Batting: RHB Lonnie Smith
|
0-0: Called Strike 0-1: Foul Ball, location: 2F 0-2: Ball 1-2: Strikes out looking
|
|
Batting: RHB Jim Rice
|
0-0: Fly out, F9 (Line Drive, 9, EV 92.5 MPH)
|
|
Batting: SHB Roy Smalley
|
0-0: Called Strike 0-1: Swinging Strike 0-2: Strikes out swinging, 2-3 out at first.
|
| Bottom of the 9th over - 0 runs, 0 hits, 0 errors, 0 left on base; Montreal 5 - Chicago 1 |
|